 Dungeon Crawl Stone Soup version 0.30.0-29-ga12c61a403 (webtiles) character file.

Game seed: 4213451001986421131

14957 qw the Cleaver (level 12, -1/77 HPs)
             Began as a Gargoyle Fighter on June 4, 2023.
             Was a Priest of Okawaru.
             Slain by a water moccasin (6 damage)
             ... on level 2 of the Lair of Beasts.
             The game lasted 00:05:35 (10852 turns).

qw the Cleaver (Gargoyle Fighter)                  Turns: 10852, Time: 00:05:35

Health: -1/77      AC: 31    Str: 25    XL:     12   Next: 22%
Magic:  14/15      EV:  9    Int:  9    God:    Okawaru [***...]
Gold:   610        SH:  6    Dex:  9    Spells: 11/11 levels left

rFire   . . .        Y - +5 war axe
rCold   . . .        c - +0 buckler
rNeg    + . .        m - +0 plate armour
rPois   inf          (no helmet)
rElec   +            (no cloak)
rCorr   .            p - +0 pair of gloves
SInv    +            g - +3 pair of seven-league boots {Rampage+∞}
Will    .....        (no amulet) Stlth
                     j - ring of see invisible
HPRegen 0.32/turn    (no ring)
MPRegen 0.14/turn

%: rampage+inf
@: heroic, mesmerised
A: sickness immunity, AC +8, negative energy resistance 1, electricity
resistance, torment resistance 1, petrification resistance
a: Renounce Religion, Heroism


You were on level 2 of the Lair of Beasts.
You worshipped Okawaru.
Okawaru was most pleased with you.
You visited 3 branches of the dungeon, and saw 13 of its levels.
You also visited: Ossuary.

You collected 875 gold pieces.
You spent 265 gold pieces at shops.


Innate Abilities, Weirdness & Mutations

You are immune to sickness and miasma.
Your stone body is resilient. (AC +8)
You are immune to poison.
You resist negative energy. (rN+)
You are resistant to electric shocks. (rElec)
You are resistant to unholy torment.
You are immune to petrification.


   Skills:
 - Level 10.1(15.1) Fighting
 + Level 13.0(18.0) Axes
 - Level 2.2(7.2) Throwing
 - Level 9.0(14.0) Armour
 - Level 2.0(7.0) Dodging
 - Level 6.0(11.0) Shields
 - Level 4.3 Invocations


You had 11 spell levels left.
You didn't know any spells.
Your spell library was empty.

Inventory:

Hand Weapons
 h - a +2 morningstar of holy wrath
 Y - a +5 war axe (weapon)
Missiles
 n - 9 boomerangs (quivered)
Armour
 c - a +0 buckler (worn)
 g - the +3 pair of seven-league boots (worn) {Rampage+∞}
   (You acquired it on level 7 of the Dungeon)

   Rampage+∞: When moving toward enemies, its wearer moves as far as possible,
   alerting their target en route.
 m - a +0 plate armour (worn)
 p - a +0 pair of gloves (worn)
Jewellery
 j - a ring of see invisible (left hand)
Scrolls
 f - 7 scrolls of identify
Potions
 a - 5 potions of attraction
 b - 2 potions of curing
 d - a potion of might
 e - 2 potions of mutation
 i - 2 potions of haste
 k - a potion of resistance
 l - a potion of magic

Dungeon Overview and Level Annotations

Branches:
Dungeon (10/15)            Temple (1/1) D:7            Lair (2/5) D:10
 Shoals (0/4) Lair:2      Ossuary (visited)
  Snake: Lair:2-3    Spider: Lair:2-3       Orc: D:9-12

Altars:
Ashenzari
Cheibriados
Dithmenos
Elyvilon
Fedhas
Gozag
Hepliaklqana
Kikubaaqudgha
Makhleb
Nemelex Xobeh
Okawaru
Qazlal
Ru
Sif Muna
Trog
Uskayaw
Vehumet
Wu Jian
Xom
Yredelemnul
Zin
The Shining One

Shops:
D:2 (((!   D:3 [   D:5 *(?*=   D:6 [


Message History

The merfolk is heavily wounded.
You closely miss the water moccasin. You slice the basilisk!!
The water moccasin bites you but does no damage.
The merfolk siren chants its luring song.
The merfolk barely misses you.
The basilisk bites you but does no damage.
You slice the basilisk!!
You kill the basilisk!
Okawaru accepts your kill.
You slash the merfolk! You miss the water moccasin.
The merfolk siren chants its luring song.
The merfolk barely misses you. The water moccasin bites you.
Your base Axes skill increases to level 13!
You slash the merfolk!
The merfolk is almost dead.
You slice the water moccasin!!
The merfolk siren chants its luring song.
The merfolk hits you but does no damage.
You block the water moccasin's attack.
The merfolk siren chants its luring song.
The merfolk barely misses you.
You hit the merfolk.
The merfolk is almost dead.
You hit the water moccasin.
The water moccasin bites you but does no damage.
The merfolk hits you but does no damage.
The merfolk siren chants its luring song.
You slash the merfolk!
You kill the merfolk!
Okawaru accepts your kill.
You barely miss the water moccasin.
The merfolk siren chants its luring song.
The water moccasin bites you but does no damage.
You block the merfolk's attack.
The merfolk siren chants its luring song.
Your base Throwing skill increases to level 2!
You miss the water moccasin.
The water moccasin is severely wounded.
The water moccasin bites you.
You die...

.P#######........
.............+...
###.....##...#...
####.....#.......
...###...#...#...
#>#..###.........
~m~~...#>.....###
#~~m.#........
#m~@S.###+P#
###)%.......
.........
#..........
......!....
............
............#
..#P.#[P#.#.


You could see a merfolk, 2 merfolk sirens and a water moccasin.

Vanquished Creatures
  4 cane toads
  An unseen horror (D:10)
  3 komodo dragons
  A merfolk (Lair:2)
  2 polar bears
  A troll (D:9)
  A hornet (Lair:1)
  13 blink frogs (Lair:1)
  A shadow (D:7)
  2 wraiths
  15 yaks
  A centaur simulacrum (D:10)
  4 wyverns
  A basilisk (Lair:2)
  A steam dragon (Lair:1)
  A water moccasin (D:7)
  3 ice beasts
  3 orc warriors
  A sky beast (D:8)
  5 black bears
  4 ogres
  5 centaurs
  7 wolves
  A phantom (D:4)
  A kobold brigand (D:8)
  8 bullfrogs
  2 scorpions
  A gnoll sergeant (D:9)
  5 water moccasin zombies
  18 killer bees
  2 electric eels (Lair:1)
  A howler monkey (D:9)
  3 hounds (D:6)
  3 jellies
  A gnoll bouda (D:4)
  3 orc priests
  2 sleepcaps
  2 scorpion zombies (D:4)
  4 iguanas
  9 orc wizards
  A hound zombie (D:4)
  2 mummies (Ossuary)
  12 gnolls
  9 adders
  4 shadow imps
  3 white imps (D:10)
  3 ufetubi
  4 adder zombies
  5 worms
  3 dart slugs
  30 orcs
  3 bats
  6 endoplasms
  6 giant cockroaches
  2 gnoll zombies (Ossuary)
  4 goblins
  9 hobgoblins
  2 jackals (D:5)
  6 quokkas
  4 ball pythons
  2 frilled lizards (D:3)
  4 hobgoblin zombies (Ossuary)
  A jackal zombie (D:4)
  13 kobolds
  5 kobold zombies (Ossuary)
  An orc zombie (Ossuary)
  A rat (D:1)
291 creatures vanquished.

Notes
Turn   | Place    | Note
-------+----------+-------------------------------------------
     0 | D:1      | qw the Gargoyle Fighter began the quest for the Orb.
     0 | D:1      | Reached XP level 1. HP: 14/14 MP: 1/1
     0 | D:1      | 0 ||| qw: Version: 0.2-a-107-g4668610
     0 | D:1      | 0 ||| qw: Game counter: 1184
     0 | D:1      | 0 ||| qw: Always use a shield: true
     0 | D:1      | 0 ||| qw: God list: Okawaru
     0 | D:1      | 0 ||| qw: Allow faded altars: false
     0 | D:1      | 0 ||| qw: Do Orc after D:15 true
     0 | D:1      | 0 ||| qw: Do second Lair branch before Depths: true
     0 | D:1      | 0 ||| qw: Lair rune preference: random
     0 | D:1      | 0 ||| qw: Plans: Normal, Zot:1-4, Slime:5, God:TSO, Crypt,
                  | Tomb, Abyss, Pan, Hells, Win
     0 | D:1      | 0 ||| PLANNING D:1-11
    70 | D:1      | Reached skill level 2 in Axes
   227 | D:1      | Reached XP level 2. HP: 15/19 MP: 2/2
   627 | D:1      | 627 ||| Stepping ~*~*~tactically~*~*~ (hiding).
   628 | D:1      | 628 ||| Stepping ~*~*~tactically~*~*~ (hiding).
   666 | D:1      | Found a faded altar of an unknown god.
   951 | D:1      | 951 ||| UPGRADING to ring of see invisible.
   952 | D:1      | 952 ||| READING scroll labelled JINEHO BIDURGH.
  1007 | D:2      | Found Zitruh's Antique Weapon Emporium.
  1022 | D:2      | Reached skill level 3 in Axes
  1024 | D:2      | 1024 ||| SHOPLISTING glowing hand axe (120 gold, have 35).
  1024 | D:2      | 1024 ||| SHOPLISTING mace (60 gold, have 35).
  1189 | D:2      | 1189 ||| Stepping ~*~*~tactically~*~*~ (stealth).
  1192 | D:2      | Reached XP level 3. HP: 23/23 MP: 3/3
  1258 | D:2      | Found Zewexaum's Weapon Emporium.
  1261 | D:2      | 1261 ||| SHOPLISTING +3 mace of draining (313 gold, have
                  | 55).
  1475 | D:2      | Found Asetaocai's Distillery.
  1477 | D:2      | Found Heellouh's Weapon Boutique.
  1482 | D:2      | 1482 ||| BUYING potion of curing (36 gold).
  1482 | D:2      | Bought a potion of curing for 36 gold pieces
  1482 | D:2      | 1482 ||| SHOPLISTING potion of haste (120 gold, have 62).
  1485 | D:2      | 1485 ||| BUYING +0 flail (49 gold).
  1485 | D:2      | Bought a +0 flail for 49 gold pieces
  1485 | D:2      | 1485 ||| SHOPLISTING +3 war axe of the Volcano {venom,
                  | Dex+3} (455 gold, have 13).
  1485 | D:2      | 1485 ||| DROPPING +0 club.
  1618 | D:2      | Reached XP level 4. HP: 25/28 MP: 4/4
  1636 | D:2      | Reached skill level 4 in Axes
  1872 | D:2      | 1872 ||| UPGRADING to +0 chain mail.
  1882 | D:2      | 1882 ||| DROPPING +0 scale mail.
  1883 | D:2      | 1883 ||| READING scroll labelled RAXKOJ GAKHLI.
  1884 | D:2      | 1884 ||| READING scroll labelled VAF MEM LEA.
  1885 | D:2      | 1885 ||| DRINKING 2 fuming purple potions.
  1886 | D:2      | 1886 ||| DRINKING 2 black potions.
  1887 | D:2      | 1887 ||| DROPPING potion of degeneration.
  1920 | D:3      | 1920 ||| Stepping ~*~*~tactically~*~*~ (stealth).
  1931 | D:3      | Found a stormy altar of Qazlal.
  1934 | D:3      | 1934 ||| Stepping ~*~*~tactically~*~*~ (stealth).
  1936 | D:3      | 1936 ||| Stepping ~*~*~tactically~*~*~ (stealth).
  2034 | D:3      | 2034 ||| Stepping ~*~*~tactically~*~*~ (stealth).
  2080 | D:3      | Found a basalt altar of Yredelemnul.
  2110 | D:3      | Reached XP level 5. HP: 29/32 MP: 5/5
  2117 | D:3      | Reached skill level 5 in Axes
  2245 | D:3      | 2245 ||| DROPPING +0 flail.
  2277 | D:3      | Found Gisaz's Armour Boutique.
  2286 | D:3      | 2286 ||| SHOPLISTING +1 scale mail of fire resistance (160
                  | gold, have 110).
  2340 | D:3      | 2340 ||| Stepping ~*~*~tactically~*~*~ (stealth).
  2351 | D:3      | 2351 ||| READING scroll labelled CIQUFU ENYM.
  2357 | D:3      | 2357 ||| Stepping ~*~*~tactically~*~*~ (stealth).
  2358 | D:3      | 2358 ||| Stepping ~*~*~tactically~*~*~ (stealth).
  2367 | D:3      | 2367 ||| Stepping ~*~*~tactically~*~*~ (stealth).
  2369 | D:3      | 2369 ||| Stepping ~*~*~tactically~*~*~ (hiding).
  2431 | D:4      | Reached XP level 6. HP: 35/38 MP: 6/6
  2461 | D:4      | 2461 ||| DRINKING 2 potions of curing.
  2461 | D:4      | 2461 ||| (to cure confusion)
  2480 | D:4      | Reached skill level 6 in Axes
  2588 | D:4      | 2588 ||| Stepping ~*~*~tactically~*~*~ (stealth).
  2622 | D:4      | Reached skill level 1 in Dodging
  2622 | D:4      | Reached XP level 7. HP: 42/43 MP: 7/7
  2719 | D:4      | Found a shimmering altar of Xom.
  2724 | D:4      | 2724 ||| Stepping ~*~*~tactically~*~*~ (stealth).
  2747 | D:4      | Found a shimmering altar of Xom.
  2763 | D:4      | 2763 ||| Stepping ~*~*~tactically~*~*~ (stealth).
  2769 | D:4      | 2769 ||| Stepping ~*~*~tactically~*~*~ (stealth).
  2776 | D:4      | 2776 ||| Stepping ~*~*~tactically~*~*~ (stealth).
  2785 | D:4      | Found a shimmering blue altar of Sif Muna.
  2843 | D:4      | Found a shimmering altar of Xom.
  2844 | D:4      | Found a shimmering altar of Xom.
  2845 | D:4      | Found a shimmering altar of Xom.
  2849 | D:4      | 2849 ||| Stepping ~*~*~tactically~*~*~ (stealth).
  2850 | D:4      | 2850 ||| Stepping ~*~*~tactically~*~*~ (stealth).
  2851 | D:4      | 2851 ||| Stepping ~*~*~tactically~*~*~ (stealth).
  2871 | D:4      | 2871 ||| Stepping ~*~*~tactically~*~*~ (hiding).
  2872 | D:4      | 2872 ||| Stepping ~*~*~tactically~*~*~ (hiding).
  2873 | D:4      | 2873 ||| Stepping ~*~*~tactically~*~*~ (hiding).
  3054 | D:4      | Reached skill level 7 in Axes
  3179 | D:4      | 3179 ||| Stepping ~*~*~tactically~*~*~ (hiding).
  3181 | D:4      | 3181 ||| Stepping ~*~*~tactically~*~*~ (hiding).
  3188 | D:4      | 3188 ||| Stepping ~*~*~tactically~*~*~ (stealth).
  3189 | D:4      | 3189 ||| Stepping ~*~*~tactically~*~*~ (stealth).
  3474 | D:4      | 3474 ||| UPGRADING to +0 pair of gloves.
  3479 | D:4      | 3479 ||| READING scroll labelled GUNENU ITEOMP.
  3480 | D:4      | 3480 ||| READING scroll labelled JUNYANLUUTI.
  3500 | D:5      | Entered Level 5 of the Dungeon
  3501 | D:5      | Found Siguv's Magic Scroll Boutique.
  3505 | D:5      | 3505 ||| BUYING 2 scrolls of identify (44 gold).
  3505 | D:5      | Bought 2 scrolls of identify for 44 gold pieces
  3505 | D:5      | 3505 ||| SHOPLISTING scroll of acquirement (572 gold, have
                  | 89).
  3505 | D:5      | 3505 ||| BUYING scroll of identify (22 gold).
  3505 | D:5      | Bought a scroll of identify for 22 gold pieces
  3505 | D:5      | 3505 ||| BUYING scroll of identify (22 gold).
  3505 | D:5      | Bought a scroll of identify for 22 gold pieces
  3505 | D:5      | 3505 ||| BUYING scroll of identify (22 gold).
  3505 | D:5      | Bought a scroll of identify for 22 gold pieces
  3592 | D:5      | Reached skill level 1 in Throwing
  3592 | D:5      | Reached XP level 8. HP: 40/49 MP: 8/8
  3738 | D:5      | HP: 8/49 [orc/+0 flail (7)]
  3894 | D:5      | Found Bigikhec's Weapon Emporium.
  3941 | D:5      | Found Ryupnul's Assorted Antiques.
  3947 | D:5      | 3947 ||| SHOPLISTING blackened bone wand (108 gold, have
                  | 45).
  3947 | D:5      | 3947 ||| SHOPLISTING runed helmet (202 gold, have 45).
  3947 | D:5      | 3947 ||| SHOPLISTING scroll of teleportation (81 gold, have
                  | 45).
  3947 | D:5      | 3947 ||| SHOPLISTING silver wand (108 gold, have 45).
  3947 | D:5      | 3947 ||| SHOPLISTING warped silver ring (135 gold, have
                  | 45).
  3983 | D:5      | Found a hide-covered altar of Uskayaw.
  4244 | D:5      | Reached skill level 8 in Axes
  4439 | D:5      | Found Wudwerphim's Jewellery Shop.
  4442 | D:5      | 4442 ||| SHOPLISTING amulet of regeneration (390 gold, have
                  | 113).
  4442 | D:5      | 4442 ||| SHOPLISTING amulet of the acrobat (390 gold, have
                  | 113).
  4442 | D:5      | 4442 ||| SHOPLISTING ring of Noafisio {rElec rF+ Int+6}
                  | (741 gold, have 113).
  4442 | D:5      | 4442 ||| SHOPLISTING ring of fire (325 gold, have 113).
  4474 | D:5      | Found Ennouh's General Store.
  4479 | D:5      | 4479 ||| BUYING potion of heal wounds (50 gold).
  4479 | D:5      | Bought a potion of heal wounds for 50 gold pieces
  4479 | D:5      | 4479 ||| BUYING scroll of identify (20 gold).
  4479 | D:5      | Bought a scroll of identify for 20 gold pieces
  4581 | D:5      | 4581 ||| READING scroll labelled NUSOANL XOGUASE.
  4582 | D:5      | 4582 ||| READING scroll labelled KEEMUE OSUELEY.
  4583 | D:5      | 4583 ||| DRINKING 2 murky purple potions.
  4584 | D:5      | 4584 ||| READING 7 scrolls of identify.
  4584 | D:5      | 4584 ||| IDENTIFYING bubbling red potion
  4585 | D:5      | 4585 ||| READING 6 scrolls of identify.
  4585 | D:5      | 4585 ||| IDENTIFYING lumpy black potion
  4586 | D:5      | 4586 ||| READING 5 scrolls of identify.
  4586 | D:5      | 4586 ||| IDENTIFYING clear potion
  4587 | D:5      | 4587 ||| READING 4 scrolls of identify.
  4587 | D:5      | 4587 ||| IDENTIFYING white potion
  4588 | D:5      | 4588 ||| READING 3 scrolls of identify.
  4588 | D:5      | 4588 ||| IDENTIFYING glowing green potion
  4589 | D:5      | 4589 ||| DROPPING potion of flight.
  4590 | D:5      | 4590 ||| DROPPING potion of invisibility.
  4591 | D:5      | 4591 ||| DROPPING potion of berserk rage.
  4859 | D:6      | Noticed a yak
  4859 | D:6      | Noticed a yak
  4860 | D:6      | Noticed a yak
  4866 | D:6      | Killed a yak
  4867 | D:6      | Reached skill level 6 in Fighting
  4880 | D:6      | HP: 9/52 [yak (8)]
  4881 | D:6      | 4881 ||| READING scroll of teleportation.
  4882 | D:6      | 4882 ||| DRINKING 2 potions of heal wounds.
  4883 | D:6      | Killed a yak
  4884 | D:6      | Reached XP level 9. HP: 24/56 MP: 9/9
  5077 | D:6      | 5077 ||| Stepping ~*~*~tactically~*~*~ (stealth).
  5081 | D:6      | Reached skill level 9 in Axes
  5167 | D:6      | Found a glowing silver altar of Zin.
  5168 | D:6      | Found a broken altar of Ashenzari.
  5169 | D:6      | Found a bloodstained altar of Trog.
  5285 | D:6      | 5285 ||| Stepping ~*~*~tactically~*~*~ (stealth).
  5535 | D:6      | Found Soowoamm's Antique Armour Shoppe.
  5544 | D:6      | 5544 ||| SHOPLISTING cloak (117 gold, have 91).
  5544 | D:6      | 5544 ||| SHOPLISTING pair of boots (117 gold, have 91).
  5544 | D:6      | 5544 ||| SHOPLISTING shiny orb (312 gold, have 91).
  5600 | D:6      | 5600 ||| UPGRADING to +0 plate armour.
  5610 | D:6      | 5610 ||| DROPPING +0 chain mail.
  5611 | D:6      | 5611 ||| DROPPING ring of flight.
  5612 | D:6      | 5612 ||| READING scroll labelled NOPACH LIROBEWKU.
  5613 | D:6      | 5613 ||| READING scroll labelled ADWO BOSCHUL.
  5655 | D:6      | 5655 ||| READING scroll labelled JOCORO GUIG.
  5656 | D:6      | 5656 ||| READING scroll labelled SANOCLIU INITH.
  5756 | D:7      | Found a staircase to the Ecumenical Temple.
  5757 | D:7      | 5757 ||| PLANNING TEMPLE
  5763 | Temple   | Entered the Ecumenical Temple
  5782 | Temple   | 5782 ||| PLANNING OKAWARU WORSHIP
  5911 | Temple   | Became a worshipper of Warmaster Okawaru
  5911 | Temple   | 5911 ||| PLANNING D:1-11
  6223 | D:7      | 6223 ||| Stepping ~*~*~tactically~*~*~ (hiding).
  6233 | D:7      | Reached skill level 6 in Armour
  6419 | D:7      | 6419 ||| Stepping ~*~*~tactically~*~*~ (hiding).
  6423 | D:7      | 6423 ||| DRINKING potion of curing.
  6423 | D:7      | 6423 ||| (to cure confusion)
  6459 | D:7      | Found an ancient bone altar of Kikubaaqudgha.
  6502 | D:7      | 6502 ||| READING scroll labelled QASMEM XUYNG.
  6502 | D:7      | Identified a scroll of acquirement
  6502 | D:7      | 6502 ||| ACQUIRING +3 pair of seven-league boots
                  | {Rampage+∞}
  6502 | D:7      | Acquired the +3 pair of seven-league boots {Rampage+∞}
  6502 | D:7      | Found the +3 pair of seven-league boots {Rampage+∞}
  6504 | D:7      | 6504 ||| UPGRADING to +3 pair of seven-league boots
                  | {Rampage+∞}.
  6537 | D:8      | 6537 ||| PLANNING OSSUARY
  6539 | D:8      | 6539 ||| STAIRDANCE
  6543 | D:7      | Reached * piety under Okawaru
  6544 | D:7      | 6544 ||| INVOKING Heroism.
  6549 | D:7      | Reached skill level 10 in Axes
  6642 | D:8      | Reached skill level 1 in Invocations
  6642 | D:8      | Reached XP level 10. HP: 57/63 MP: 9/11
  6642 | D:8      | 6642 ||| STAIRDANCE
  6644 | D:8      | 6644 ||| STAIRDANCE
  6646 | D:8      | 6646 ||| STAIRDANCE
  6648 | D:8      | 6648 ||| STAIRDANCE
  6650 | D:7      | 6650 ||| INVOKING Heroism.
  6911 | D:8      | 6911 ||| Stepping ~*~*~tactically~*~*~ (stealth).
  6926 | D:8      | 6926 ||| INVOKING Heroism.
  6928 | D:8      | Reached skill level 3 in Invocations
  6929 | D:8      | HP: 15/64 [yak (5)]
  6930 | D:8      | 6930 ||| DRINKING potion of heal wounds.
  6935 | D:8      | HP: 4/64 [yak (11)]
  6941 | D:8      | HP: 2/64 [yak (3)]
  7068 | D:8      | 7068 ||| FLEEEEING.
  7069 | D:8      | 7069 ||| FLEEEEING.
  7070 | D:8      | 7070 ||| FLEEEEING.
  7071 | D:8      | 7071 ||| STAIRDANCE
  7223 | D:8      | 7223 ||| Stepping ~*~*~tactically~*~*~ (stealth).
  7229 | D:8      | 7229 ||| INVOKING Heroism.
  7235 | D:8      | 7235 ||| Stepping ~*~*~tactically~*~*~ (hiding).
  7296 | D:8      | 7296 ||| DROPPING +0 morningstar.
  7325 | D:8      | Found a sand-covered staircase.
  7330 | Ossuary  | Entered an ossuary
  7392 | Ossuary  | Reached ** piety under Okawaru
  7462 | Ossuary  | 7462 ||| READING scroll of enchant weapon.
  7462 | Ossuary  | 7462 ||| ENCHANTING +1 war axe.
  7481 | Ossuary  | 7481 ||| READING scroll of enchant weapon.
  7481 | Ossuary  | 7481 ||| ENCHANTING +2 war axe.
  7486 | Ossuary  | 7486 ||| READING 5 scrolls of identify.
  7486 | Ossuary  | 7486 ||| IDENTIFYING fuming pink potion
  7495 | D:8      | 7495 ||| PLANNING D:1-11
  7836 | D:8      | 7836 ||| INVOKING Heroism.
  8101 | D:9      | 8101 ||| Stepping ~*~*~tactically~*~*~ (stealth).
  8102 | D:9      | 8102 ||| INVOKING Heroism.
  8137 | D:9      | 8137 ||| INVOKING Heroism.
  8162 | D:9      | Reached skill level 11 in Axes
  8168 | D:9      | HP: 16/64 [orc/+0 trident (6)]
  8169 | D:9      | 8169 ||| DRINKING potion of heal wounds.
  8174 | D:9      | 8174 ||| INVOKING Heroism.
  8197 | D:9      | 8197 ||| INVOKING Heroism.
  8255 | D:9      | 8255 ||| INVOKING Heroism.
  8366 | D:9      | 8366 ||| READING scroll of enchant weapon.
  8366 | D:9      | 8366 ||| ENCHANTING +3 war axe.
  8375 | D:9      | 8375 ||| READING scroll of enchant weapon.
  8375 | D:9      | 8375 ||| ENCHANTING +4 war axe.
  8642 | D:9      | Found an ornate altar of the Wu Jian Council.
  8690 | D:10     | Entered Level 10 of the Dungeon
  8745 | D:10     | Reached skill level 9 in Fighting
  8745 | D:10     | Reached XP level 11. HP: 71/71 MP: 14/14
  8798 | D:10     | 8798 ||| INVOKING Heroism.
  9330 | D:10     | Found a staircase to the Lair.
  9334 | D:10     | 9334 ||| PLANNING LAIR
  9334 | D:10     | 9334 ||| READING 8 scrolls of identify.
  9334 | D:10     | 9334 ||| IDENTIFYING metallic blue potion
  9335 | D:10     | 9335 ||| DROPPING potion of brilliance.
  9338 | D:10     | 9338 ||| INVOKING Heroism.
  9355 | Lair:1   | Entered Level 1 of the Lair of Beasts
  9410 | Lair:1   | 9410 ||| Stepping ~*~*~tactically~*~*~ (stealth).
  9411 | Lair:1   | 9411 ||| INVOKING Heroism.
  9427 | Lair:1   | Reached *** piety under Okawaru
  9433 | Lair:1   | 9433 ||| INVOKING Heroism.
  9440 | Lair:1   | Reached skill level 12 in Axes
  9517 | Lair:1   | 9517 ||| INVOKING Heroism.
  9549 | Lair:1   | 9549 ||| INVOKING Heroism.
  9572 | Lair:1   | 9572 ||| INVOKING Heroism.
  9576 | Lair:1   | Reached skill level 6 in Shields
  9652 | Lair:1   | 9652 ||| Stepping ~*~*~tactically~*~*~ (stealth).
  9654 | Lair:1   | 9654 ||| INVOKING Heroism.
  9687 | Lair:1   | 9687 ||| Stepping ~*~*~tactically~*~*~ (stealth).
  9693 | Lair:1   | 9693 ||| Stepping ~*~*~tactically~*~*~ (stealth).
  9704 | Lair:1   | Reached skill level 9 in Armour
  9732 | Lair:1   | 9732 ||| INVOKING Heroism.
  9981 | Lair:1   | 9981 ||| Stepping ~*~*~tactically~*~*~ (stealth).
  9984 | Lair:1   | 9984 ||| INVOKING Heroism.
  9985 | Lair:1   | 9985 ||| Stepping ~*~*~tactically~*~*~ (stealth).
  9986 | Lair:1   | 9986 ||| Stepping ~*~*~tactically~*~*~ (stealth).
 10007 | Lair:1   | 10007 ||| INVOKING Heroism.
 10032 | Lair:1   | 10032 ||| INVOKING Heroism.
 10090 | Lair:1   | 10090 ||| Stepping ~*~*~tactically~*~*~ (stealth).
 10092 | Lair:1   | 10092 ||| INVOKING Heroism.
 10107 | Lair:1   | Reached XP level 12. HP: 73/77 MP: 13/15
 10111 | Lair:1   | Reached **** piety under Okawaru
 10121 | Lair:1   | 10121 ||| INVOKING Heroism.
 10665 | Lair:1   | 10665 ||| DROPPING orb of light.
 10666 | Lair:1   | 10666 ||| DROPPING ring of wizardry.
 10717 | Lair:2   | 10717 ||| INVOKING Heroism.
 10836 | Lair:2   | Found a staircase to the Shoals.
 10842 | Lair:2   | 10842 ||| INVOKING Heroism.
 10843 | Lair:2   | HP: 16/77 [merfolk/+2 trident of venom (15)]
 10848 | Lair:2   | HP: 4/77 [water moccasin (5)]
 10849 | Lair:2   | Reached skill level 13 in Axes
 10852 | Lair:2   | Slain by a water moccasin

Levels and vault maps discovered:
D:1:      ncdulo_smallfort, layout_loops_corners,
          hellmonk_ecumenical_altar_heavens_door
D:2:      layout_basic, serial_shops, shop, nicolae_shop_real_fake_doors,
          nicolae_shop_competitors_out_of_business, shop, kennysheep_potato
D:3:      layout_basic, amcnicky_altar_gilded,
          mainiacjoe_overflow_surrounded_room, serial_shops, shop_fountains
D:4:      layout_basic, nicolae_overflow_crystal_walls, xom_redecorated,
          serial_undead, serial_undead_d, serial_undead_b, serial_undead_c,
          serial_undead_b, serial_undead_b, serial_bayou_pond_d,
          dreamdust_mushroom_princess
D:5:      layout_basic, nicolae_uskayaw_dance_hall, serial_shops,
          kennysheep_little_box, kennysheep_mini,
          nicolae_shop_bloodbath_and_beyond, shop, nicolae_diamond_shop
D:6:      layout_gridville, chequers_temple_overflow_statue_of_worship,
          serial_shops, shop, minmay_manual_mullet
D:7:      layout_rooms, marbit_many_paths, minmay_temple_entry_trees,
          st_stairs_9
D:8:      layout_cave_pools, serial_co_window_serial, co_window_paths_b,
          co_window_of_opportunity_a, co_window_paths_b, co_window_paths_b,
          co_window_of_opportunity_a, co_window_of_opportunity_b,
          co_window_2corner, co_window_unsneaky_path_c, co_window_broadway_b,
          co_window_of_opportunity_c, co_window_corner_cb, glass_columns_b,
          glass_columns_c, nicolae_ossuary_entry_false_entrances
D:9:      layout_cross, nzn_wu_jian_council_hall
D:10:     layout_roguey, david_lair_shrubbed, serial_ice, serial_ice_a,
          serial_ice_h, serial_ice_m, serial_ice_d, serial_ice_o, serial_ice_c
Temple:   chequers_temple_sunken
Lair:1:   layout_loops_ring, lemuel_fruit_fields, infiniplex_staircase_pool,
          grunt_megastairs_1, serial_bayou_shore_a
Lair:2:   layout_chaotic_city, elwin_shoals_entry_stream, dummy_snake_entry,
          ebering_ghost_xom, evilmike_ambush [evilmike_ambush_outer_basic,
          evilmike_ambush_inner_basic], grunt_megastairs_2

Skill      XL: |  1  2  3  4  5  6  7  8  9 10 11 12 |
---------------+-------------------------------------+-----
Axes           | 2 3 4 5 6 7 8 10 11 12 13 | 13.0
Fighting       | 4 5 6 7 9 10 | 10.1
Dodging        | 1 2 |  2.0
Throwing       | 1 2 |  2.2
Armour         | 6 7 9 |  9.0
Shields        | 4 5 6 |  6.0
Invocations    | 1 4 |  4.3

Action                     |  1- 3 |  4- 6 |  7- 9 | 10-12 || total
---------------------------+-------+-------+-------+-------++-------
  Melee: War axe           |    94 |   158 |   306 |   415 ||   973
  Throw: Boomerang         |       |       |    45 |    57 ||   102
 Invoke: Heroism           |       |       |     1 |    25 ||    26
    Use: Scroll            |     1 |     3 |    15 |     6 ||    25
         Potion            |       |     3 |     3 |     2 ||     8
 Armour: Scale mail        |    57 |     4 |       |       ||    61
         Chain mail        |       |    76 |   133 |       ||   209
         Plate armour      |       |       |    77 |   272 ||   349
  Dodge: Dodged            |    38 |    47 |   129 |   179 ||   393
  Block: Buckler           |    18 |    27 |    77 |    95 ||   217

Table legend:
 A = Non-vault XP
 B = Vault XP
 C = Vault XP percentage of total XP
 D = Non-vault monster count
 E = Vault monster count
 F = Vault count percentage of total count
                 A         B        C        D         E       F
            +---------+---------+-------+---------+---------+-------
      Total |   17701 |    3667 |  17.2 |     236 |      55 |  18.9
            +---------+---------+-------+---------+---------+-------
        D:1 |      29 |       0 |   0.0 |      14 |       0 |   0.0
        D:2 |      66 |      15 |  18.5 |      15 |       2 |  11.8
        D:3 |     194 |       0 |   0.0 |      29 |       0 |   0.0
        D:4 |     465 |     362 |  43.8 |      32 |       9 |  22.0
        D:5 |     610 |       0 |   0.0 |      15 |       0 |   0.0
        D:6 |    1344 |     186 |  12.2 |      16 |       5 |  23.8
        D:7 |     990 |     261 |  20.9 |      17 |       3 |  15.0
        D:8 |    2090 |       0 |   0.0 |      24 |       0 |   0.0
        D:9 |    2036 |       0 |   0.0 |      26 |       0 |   0.0
       D:10 |     935 |    1469 |  61.1 |       7 |      12 |  63.2
     Lair:1 |    7738 |     757 |   8.9 |      36 |       4 |  10.0
     Lair:2 |    1204 |     317 |  20.8 |       5 |       1 |  16.7
    Ossuary |       0 |     300 | 100.0 |       0 |      19 | 100.0
            +---------+---------+-------+---------+---------+-------
